 Dungeon Crawl Stone Soup version 0.25.1-9-gc5326a611f (webtiles) character file.

Game seed: 14385638647894561124

66817 pokeman the Eclecticist (level 14, -1/82 HPs)
             Began as a Deep Elf Wizard on Dec 29, 2020.
             Was a High Priest of Vehumet.
             Slain by a redback (2 damage)
             ... while petrified by a basilisk
             ... on level 6 of the Lair of Beasts.
             The game lasted 01:31:14 (29396 turns).

pokeman the Eclecticist (Deep Elf Wizard)          Turns: 29396, Time: 01:31:15

Health: -1/82      AC: 10    Str:  6    XL:     14   Next: 80%
Magic:  11/40      EV:  2    Int: 29    God:    Vehumet [*****.]
Gold:   1707       SH:  0    Dex: 18    Spells: 22/53 levels left

rFire    . . .     SeeInvis +   t - +3 dagger "Xaruappa" {vorpal, Fragile rPois Str+2 Dex+5}
rCold    . . .     Gourm    .   W - +0 buckler
rNeg     + + +     Faith    +   K - +0 troll leather armour
rPois    ∞         Spirit   .   m - +1 hat
rElec    .         Reflect  .   q - +1 cloak {Stlth+}
rCorr    .         Harm     .   e - +0 pair of gloves
MR       +....                  T - +0 pair of boots
Stlth    ++........             s - amulet of faith
HPRegen  0.63/turn              F - ring of see invisible
MPRegen  0.27/turn              N - +4 ring of evasion

@: lethally poisoned (-1 -> -1), petrified
A: no striking features
a: Renounce Religion


You were on level 6 of the Lair of Beasts.
You worshipped Vehumet.
Vehumet was extremely pleased with you.
You were not hungry.

You visited 3 branches of the dungeon, and saw 22 of its levels.

You collected 1707 gold pieces.

Inventory:

Hand Weapons
 f - a +0 hand crossbow
 t - the +3 dagger "Xaruappa" (weapon) {vorpal, Fragile rPois Str+2 Dex+5}
   (You found it on level 5 of the Dungeon)

   It inflicts extra damage upon your enemies.
   It affects your strength (+2).
   It affects your dexterity (+5).
   It protects you from poison.
   It will be destroyed if unequipped.
 B - the +9 war axe "Jiamox" {speed, rN+ Str-5 Dex+3 SInv, unknown}
   (You found it on level 5 of the Dungeon)

   Attacks with this weapon are significantly faster.
   It affects your strength (-5).
   It affects your dexterity (+3).
   It protects you from negative energy.
   It lets you see invisible.
Missiles
 w - 188 bolts
Armour
 e - a +0 pair of gloves (worn)
 i - a scarf of resistance
 m - a +1 hat (worn)
 q - a +1 cloak of stealth (worn)
 K - a +0 troll leather armour (worn)
 T - a +0 pair of boots (worn)
 W - a +0 buckler (worn)
Jewellery
 s - an amulet of faith (around neck)
 F - a ring of see invisible (left hand)
 N - a +4 ring of evasion (right hand)
Wands
 c - a wand of flame (16)
 k - a wand of digging (10)
 u - a wand of iceblast (29)
 y - a wand of polymorph (7)
 D - a wand of clouds (6)
 R - a wand of disintegration (23)
Scrolls
 a - 9 scrolls of teleportation
 h - 2 scrolls of vulnerability {unknown}
 j - a scroll of fog
 l - 13 scrolls of remove curse
 n - 4 scrolls of blinking {unknown}
 p - a scroll of random uselessness {unknown}
 v - a scroll of enchant weapon
 C - 2 scrolls of magic mapping {unknown}
 E - a scroll of acquirement {unknown}
 G - 4 scrolls of fear
 I - 2 scrolls of immolation
 J - a scroll of holy word {unknown}
 L - 2 scrolls of identify
 O - 2 scrolls of enchant armour
Potions
 b - a potion of invisibility
 g - 9 potions of curing
 o - a potion of brilliance
 r - 2 potions of stabbing
 x - 2 potions of ambrosia
 z - a potion of magic
 A - 6 potions of heal wounds
 H - a potion of haste {unknown}
 M - 4 potions of berserk rage
 Q - a potion of resistance
 V - 5 potions of cancellation
 X - a potion of might
Comestibles
 d - 42 rations


   Skills:
 - Level 7.2 Fighting
 + Level 5.1 Armour
 - Level 3.0 Dodging
 - Level 3.0 Stealth
 - Level 4.0 Shields
 * Level 20.1 Spellcasting
 + Level 12.7 Conjurations
 - Level 2.0 Charms
 - Level 1.1 Summonings
 - Level 1.1 Translocations
 + Level 13.0 Fire Magic
 - Level 1.0 Ice Magic
 - Level 1.0 Air Magic
 - Level 1.0 Poison Magic
 - Level 1.0 Evocations


You had 22 spell levels left.
You knew the following spells:

 Your Spells              Type           Power        Failure   Level  Hunger
a - Magic Dart            Conj           ####         0%          1    None
b - Mephitic Cloud        Conj/Pois/Air  ######..     1%          3    None
c - Call Imp              Summ           #####...     1%          2    None
d - Blink                 Tloc           N/A          1%          2    None
e - Conjure Flame         Conj/Fire      #######.     1%          3    None
f - Shock                 Conj/Air       ####         1%          1    None
g - Fireball              Conj/Fire      #######...   1%          5    None
h - Freezing Cloud        Conj/Ice/Air   ######....   11%         6    None
i - Swiftness             Chrm/Air       #####...     1%          2    None
j - Starburst             Conj/Fire      #######...   1%          6    None

Your spell library contained the following spells:

 Spells                   Type           Power        Failure   Level  Hunger
 Sting                    Tmut/Pois      ####         1%          1    None
 Poisonous Vapours        Pois/Air       ####..       1%          2    None
 Ignite Poison            Fire/Tmut/Pois ######..     1%          3    None
 Static Discharge         Conj/Air       ######..     1%          3    None
 Lightning Bolt           Conj/Air       ######....   1%          5    None
 Slow                     Hex            ####....     3%          2    None
 Gell's Gravitas          Tloc           #####.....   3%          3    None
 Airstrike                Air            #####.....   3%          4    None
 Olgreb's Toxic Radiance  Pois           ####....     3%          4    None
 Confusing Touch          Hex            ####....     6%          3    None
 Yara's Violent Unravell  Hex/Tmut       ####......   14%         5    None
 Ice Form                 Ice/Tmut       ####....     16%         4    None
 Petrify                  Tmut/Erth      ####....     19%         4    None
 Metabolic Englaciation   Hex/Ice        ####......   41%         5    None
 Ozocubu's Refrigeration  Ice            #####.....   43%         6    None
 Simulacrum               Ice/Necr       ####......   94%         6    None


Dungeon Overview and Level Annotations

Branches:
Dungeon (15/15)            Temple (1/1) D:5            Lair (6/6) D:10
  Swamp (0/4) Lair:4        Snake (0/4) Lair:2        Slime (0/5) Lair:5
    Orc (0/2) D:9          Vaults (0/5) D:14         Depths (0/5) D:15

Altars:
Ashenzari
Dithmenos
Kikubaaqudgha
Makhleb
Okawaru
Qazlal
Ru
Sif Muna
Trog
Vehumet
Wu Jian
Xom
Zin
The Shining One
Jiyva

Shops:
D:4 %   D:14 :

Annotations:
D:11 1 runed translucent door, Pupilyir's ghost, journeyman MiBe


Message History

* * * LOW HITPOINT WARNING * * *
The basilisk gazes at you. You resist with almost no effort.
The redback bites you but does no damage.
The spiny frog stings you but does no damage.
The black mamba bites you!
* * * LOW HITPOINT WARNING * * *
The redback bites you but does no damage.
The black mamba bites you but does no damage.
The basilisk gazes at you. You resist with almost no effort.
The spiny frog stings you.
* * * LOW HITPOINT WARNING * * *
The redback bites you.
* * * LOW HITPOINT WARNING * * *
The black mamba bites you but does no damage.
The spiny frog stings you but does no damage.
The black mamba bites you!
* * * LOW HITPOINT WARNING * * *
The redback bites you.
You die...

l...##......#.#P### ###
#....##......#### .
#.....##P.....# ..
#....##....P##
....#..P.....l.P#
....#.......†..##
................# ###### ##
..P#.....S.....####.##.###.
#.....s@.....#..#.#....#
###......F...............
..........................
.........................÷.
.........<...............÷.
...........................
...........................
#..........................
...P.....................÷


You could see a black mamba, a spiny frog, a basilisk and a redback.

Vanquished Creatures
  A dire elephant (D:15)
  The ghost of Gadfly the Spear-Bearer, a journeyman MfIE of the Shining One (Lair:1)
  An ogre mage (D:14)
  Erolcha (D:13)
  6 hydras
  4 vault guards (D:14)
  The ghost of Gadfly the Grappler, a novice TrBe of Trog (D:10)
  Erica (Lair:2)
  2 two-headed ogres
  A catoblepas (Lair:4)
  2 tengu warriors (D:14)
  A deep elf knight (D:14)
  2 unseen horrors (D:13)
  A wizard (D:14)
  A deep elf archer (D:14)
  2 orc knights
  8 ugly things
  4 oklob plants (Lair:5)
  3 manticores
  2 wolf spiders
  3 cyclopes
  An elephant (Lair:5)
  3 centaur zombies
  9 black mambas
  Psyche (D:8)
  6 spiny frogs
  3 rime drakes
  A kobold demonologist (D:14)
  A komodo dragon (Lair:4)
  A tengu conjurer (D:10)
  2 trolls
  4 hornets
  A polar bear (Lair:3)
  27 blink frogs
  13 hippogriffs
  5 slime creatures
  2 wraiths
  Sigmund (D:2)
  A redback (Lair:6)
  12 wyverns
  49 yaks
  A shadow (D:11)
  2 vampires
  4 hungry ghosts
  3 basilisks
  A naga (Lair:2)
  A soldier ant (D:14)
  3 swamp worms (Lair:4)
  11 water moccasins
  8 porcupines
  4 ice beasts
  3 sky beasts
  2 black bears
  A hornet zombie (D:15)
  The ghost of Snicker the Ruffian, an amateur TrTm (D:6)
  8 ogres
  An eye of draining (D:3)
  8 orc warriors
  5 phantoms
  5 wolves (Lair:5)
  10 centaurs
  13 crocodiles
  13 bullfrogs
  A gnoll sergeant (D:7)
  A wyvern zombie (D:14)
  5 scorpions
  22 killer bees
  An electric eel (D:12)
  2 howler monkeys
  6 crimson imps
  2 bullfrog zombies
  2 jellies
  5 centaur skeletons
  A gnoll shaman (D:9)
  6 hounds
  7 quasits
  Crazy Yiuf (D:2)
  15 orc priests
  4 bullfrog skeletons
  5 iguanas
  18 orc wizards
  15 worker ants
  2 hound zombies
  A hound skeleton (D:4)
  A worker ant zombie (D:11)
  3 gnolls (D:9)
  17 adders
  A howler monkey skeleton (D:10)
  4 shadow imps
  An ooze (shapeshifter) (D:13)
  An ooze (D:3)
  2 adder zombies
  An adder skeleton (D:7)
  A worm (D:2)
  A dart slug (D:1)
  5 leopard geckos
  54 orcs
  8 bats
  6 giant cockroaches
  6 goblins
  7 hobgoblins
  6 jackals
  9 kobolds
  4 quokkas
  2 frilled lizards
  2 goblin skeletons (D:6)
  A goblin zombie (D:6)
  2 hobgoblin zombies (D:6)
  3 kobold skeletons (D:6)
  A kobold zombie (D:6)
  A leopard gecko skeleton (D:7)
  A leopard gecko zombie (D:7)
  2 quokka skeletons
  A quokka zombie (D:6)
  9 rats
  5 fungi
  16 plants
605 creatures vanquished.

Vanquished Creatures (collateral kills)
  A killer bee (D:11)
  An adder (D:11)
2 creatures vanquished.

Vanquished Creatures (others)
  5 dream sheep (D:5)
  16 fungi
  15 plants
  2 withered plants (Lair:1)
38 creatures vanquished.

Grand Total: 645 creatures vanquished

Notes
Turn   | Place    | Note
-------+----------+-------------------------------------------
     0 | D:1      | pokeman the Deep Elf Wizard began the quest for the Orb.
     0 | D:1      | Reached XP level 1. HP: 10/10 MP: 7/7
   623 | D:1      | Reached XP level 2. HP: 16/16 MP: 5/9
  1365 | D:1      | Reached skill level 5 in Spellcasting
  1640 | D:2      | Reached XP level 3. HP: 20/20 MP: 7/11
  1645 | D:2      | Learned a level 3 spell: Conjure Flame
  1648 | D:2      | Learned a level 2 spell: Call Imp
  1652 | D:2      | Learned a level 3 spell: Mephitic Cloud
  1655 | D:2      | Learned a level 2 spell: Blink
  1671 | D:2      | Found a shattered altar of Ashenzari.
  2030 | D:2      | Found a glowing silver altar of Zin.
  2209 | D:2      | Found a stormy altar of Qazlal.
  2217 | D:2      | Reached skill level 1 in Armour
  2289 | D:2      | Noticed Sigmund
  2310 | D:2      | Killed Sigmund
  2310 | D:2      | Reached XP level 4. HP: 24/24 MP: 3/13
  2310 | D:2      | Reached XP level 5. HP: 28/28 MP: 3/14
  2445 | D:2      | Found a runed translucent door.
  2446 | D:2      | Noticed Crazy Yiuf
  2461 | D:2      | Killed Crazy Yiuf
  2461 | D:2      | Reached skill level 1 in Fighting
  2956 | D:3      | Reached XP level 6. HP: 34/34 MP: 7/16
  3301 | D:3      | Found a bloodstained altar of Trog.
  3318 | D:3      | Reached skill level 6 in Spellcasting
  3502 | D:3      | Found a radiant altar of Vehumet.
  3530 | D:3      | Became a worshipper of Vehumet
  3634 | D:3      | Reached skill level 1 in Air Magic
  3850 | D:3      | Found an iron altar of Okawaru.
  4255 | D:4      | Reached skill level 1 in Poison Magic
  4255 | D:4      | Reached skill level 1 in Evocations
  4348 | D:4      | Reached XP level 7. HP: 28/38 MP: 11/19
  4486 | D:4      | Reached * piety under Vehumet
  4486 | D:4      | Offered knowledge of Shock by Vehumet.
  4489 | D:4      | Learned a level 1 spell: Shock
  4622 | D:4      | Reached skill level 7 in Spellcasting
  4685 | D:4      | Found Moegh's Food Shoppe.
  4760 | D:4      | Found a shimmering blue altar of Sif Muna.
  5109 | D:5      | Entered Level 5 of the Dungeon
  5156 | D:5      | Found a staircase to the Ecumenical Temple.
  5380 | D:5      | Reached skill level 8 in Spellcasting
  5380 | D:5      | Reached skill level 5 in Fire Magic
  5437 | D:5      | Found a shadowy altar of Dithmenos.
  5519 | D:5      | Reached XP level 8. HP: 44/44 MP: 17/22
  5558 | D:5      | Got a transparent dagger
  5590 | D:5      | Got a smoking war axe
  5642 | D:5      | Noticed a dream sheep
  5642 | D:5      | Noticed a dream sheep
  5642 | D:5      | Noticed a dream sheep
  5642 | D:5      | Noticed a dream sheep
  5642 | D:5      | Noticed a dream sheep
  5642 | D:5      | Found a shimmering altar of Xom.
  5644 | D:5      | Killed a dream sheep
  5644 | D:5      | Killed a dream sheep
  5644 | D:5      | Killed a dream sheep
  5647 | D:5      | Killed a dream sheep
  5650 | D:5      | Killed a dream sheep
  5778 | D:5      | Found a burning altar of Makhleb.
  5778 | D:5      | Found an ancient bone altar of Kikubaaqudgha.
  5865 | D:5      | Identified the cursed +3 dagger "Xaruappa" {vorpal, Fragile
                  | rPois Str+2 Dex+5} (You found it on level 5 of the Dungeon)
  6057 | D:6      | You fall into a shaft and drop 2 floors!
  6164 | D:7      | Reached skill level 9 in Spellcasting
  6167 | D:7      | Reached ** piety under Vehumet
  6275 | D:7      | Offered knowledge of Freeze by Vehumet.
  6322 | D:7      | Reached skill level 5 in Conjurations
  6570 | D:7      | Noticed a hippogriff
  6577 | D:7      | Killed a hippogriff
  6577 | D:7      | Reached skill level 10 in Spellcasting
  6577 | D:7      | Reached XP level 9. HP: 45/48 MP: 14/25
  6971 | D:7      | Offered knowledge of Frozen Ramparts by Vehumet.
  7233 | D:6      | Found a glowing golden altar of the Shining One.
  7240 | D:6      | Reached *** piety under Vehumet
  7349 | D:6      | Found a transporter.
  7352 | D:6      | Noticed Snicker's ghost (amateur TrTm)
  7419 | D:6      | Found a sacrificial altar of Ru.
  7427 | D:6      | Found a transporter.
  7899 | D:7      | Reached skill level 11 in Spellcasting
  8624 | D:8      | Offered knowledge of Inner Flame by Vehumet.
  9006 | D:8      | Noticed Psyche
  9015 | D:8      | Killed Psyche
  9015 | D:8      | Reached XP level 10. HP: 54/56 MP: 20/27
  9147 | D:8      | Reached skill level 12 in Spellcasting
  9445 | D:8      | Found an ornate altar of the Wu Jian Council.
  9634 | D:9      | Reached **** piety under Vehumet
  9664 | D:9      | Offered knowledge of Fireball by Vehumet.
  9671 | D:9      | Learned a level 5 spell: Fireball
  9840 | D:9      | Found a staircase to the Orcish Mines.
 10835 | D:9      | Noticed a two-headed ogre
 10841 | D:9      | Killed a two-headed ogre
 10841 | D:9      | Reached skill level 13 in Spellcasting
 11204 | D:6      | Killed Snicker's ghost
 11488 | D:10     | Entered Level 10 of the Dungeon
 12090 | D:10     | Found a staircase to the Lair.
 12095 | D:10     | Reached XP level 11. HP: 61/61 MP: 7/30
 12223 | D:10     | Found a runed translucent gate.
 12223 | D:10     | Found a runed translucent gate.
 12243 | D:10     | Found a runed translucent gate.
 12243 | D:10     | Noticed an orc knight
 12243 | D:10     | Noticed Gadfly's ghost (novice TrBe)
 12297 | D:10     | Reached ***** piety under Vehumet
 12299 | D:10     | Offered knowledge of Irradiate by Vehumet.
 12855 | D:10     | Reached skill level 14 in Spellcasting
 12856 | D:10     | Killed Gadfly's ghost
 13254 | D:10     | Killed an orc knight
 13421 | D:11     | Noticed a red ugly thing
 13431 | D:11     | HP: 2/61 [red ugly thing (23)]
 13443 | D:11     | Killed a red ugly thing
 13653 | D:11     | Found a runed translucent door.
 13653 | D:11     | Noticed Pupilyir's ghost (journeyman MiBe)
 13998 | D:11     | Reached skill level 5 in Armour
 14912 | D:12     | Reached skill level 1 in Shields
 14935 | D:12     | Reached skill level 15 in Spellcasting
 15321 | D:12     | Offered knowledge of Sticky Flame by Vehumet.
 16021 | Temple   | Entered the Ecumenical Temple
 16281 | D:13     | Noticed Erolcha
 16319 | D:13     | Reached XP level 12. HP: 65/66 MP: 26/33
 16321 | D:13     | Reached skill level 10 in Fire Magic
 16457 | D:13     | Killed Erolcha
 16898 | D:13     | Reached skill level 16 in Spellcasting
 17145 | D:13     | Reached skill level 10 in Conjurations
 17973 | D:13     | Offered knowledge of Lightning Bolt by Vehumet.
 18180 | D:14     | Found Rooplig's Book Emporium.
 18758 | D:13     | Reached skill level 17 in Spellcasting
 19418 | D:14     | Noticed a tengu warrior
 19418 | D:14     | Noticed a tengu warrior
 19422 | D:14     | Killed a tengu warrior
 19422 | D:14     | Killed a tengu warrior
 19422 | D:14     | Reached XP level 13. HP: 37/72 MP: 30/36
 19724 | D:14     | Reached skill level 5 in Fighting
 19918 | D:14     | Found a gate to the Vaults.
 20029 | D:15     | Entered Level 15 of the Dungeon
 20541 | D:15     | Reached skill level 18 in Spellcasting
 20694 | D:15     | Noticed a dire elephant
 21180 | D:15     | Found a staircase to the Depths.
 21496 | D:15     | Killed a dire elephant
 21903 | Lair:1   | Entered Level 1 of the Lair of Beasts
 21918 | Lair:1   | Offered knowledge of Ozocubu's Refrigeration by Vehumet.
 22454 | Lair:1   | Learned a level 6 spell: Freezing Cloud
 22686 | Lair:1   | Reached skill level 1 in Ice Magic
 23021 | Lair:1   | Found a runed translucent door.
 23021 | Lair:1   | Noticed Gadfly's ghost (journeyman MfIE)
 23431 | Lair:1   | Killed Gadfly's ghost
 23595 | Lair:2   | Noticed Erica
 23862 | Lair:2   | Found a staircase to the Snake Pit.
 23866 | Lair:2   | Killed Erica
 23866 | Lair:2   | Reached XP level 14. HP: 80/80 MP: 23/38
 24461 | Lair:2   | Learned a level 2 spell: Swiftness
 24728 | Lair:3   | Reached skill level 19 in Spellcasting
 24823 | Lair:3   | Offered knowledge of Conjure Ball Lightning by Vehumet.
 24864 | Lair:3   | Reached skill level 1 in Charms
 26865 | Lair:4   | Found a staircase to the Swamp.
 27779 | Lair:5   | Found a viscous altar of Jiyva.
 27780 | Lair:5   | Found a staircase to the Slime Pits.
 27906 | Lair:5   | Offered knowledge of Starburst by Vehumet.
 27914 | Lair:5   | Learned a level 6 spell: Starburst
 28700 | Lair:6   | Entered Level 6 of the Lair of Beasts
 29355 | Lair:6   | Reached skill level 20 in Spellcasting
 29395 | Lair:6   | HP: 3/82 [redback (3)]
 29396 | Lair:6   | HP: 1/82 [black mamba (3)]
 29396 | Lair:6   | Slain by a redback

Illustrated notes

Levels and vault maps discovered:
D:1:      elethiomel_arrival_infinity_welcomes_careful_drivers, layout_rooms
D:2:      layout_basic, zin_academy, old_standard_altar,
          ashenzari_conservatory_becter, uniq_sigmund, uniq_crazy_yiuf_cottage
D:3:      layout_rooms, okawaru_trees_2, fiery_altar_vehumet,
          trog_eyes_of_draining, minivault_19
D:4:      layout_loops_ring, lemuel_round_altar, serial_shops, shop_statue,
          hangedman_decor_slide_cut
D:5:      layout_cave_pools, kb_xom_exploding_sheep,
          gammafunk_temple_overflow_wave, temple_fountains, first_ration,
          roderic_malta_cross, grunt_dithmenos_shadows
D:6:      layout_basic, hangedman_ru_absence, nicolae_tso_besieged_by_evil,
          gammafunk_ghost_stat_death, corexii_item_surrounded_by_moat
D:7:      minmay_bubble_buster, layout_layer_cave
D:8:      layout_loops_ring, nicolae_overflow_hidden_temple, uniq_psyche
D:9:      layout_long_grid, erik_orc_4
D:10:     layout_loops_ring, david_lair_generic, gammafunk_ghost_split,
          grunt_tengu_nest
D:11:     layout_long_grid, gammafunk_ghost_grave
D:12:     layout_rooms, minmay_misc_feat_tower, water_boxes_lemuel
D:13:     layout_loops_ring, uniq_erolcha
D:14:     layout_rooms, grunt_vaults_entry_fortified, nicolae_twisting_strands,
          serial_shops, shop, kennysheep_generic_room_7
D:15:     hangedman_depths_entry_try_elsewhere_first, layout_basic, hex_tiny
Temple:   jpeg_temple_island
Lair:1:   layout_chaotic_city, gammafunk_ghost_grave, minivault_26,
          grunt_megastairs_4
Lair:2:   layout_cave_pods, guppyfry_snake_entry_island, uniq_erica
Lair:3:   layout_regular_city
Lair:4:   layout_regular_city, palyth_hydra_swamp_entry, grunt_megastairs_2,
          lemuel_fruit_fields
Lair:5:   minmay_lair_oklob_tunnel, layout_cave_shapes,
          dpeg_slime_entry_enclosed_altar, beast_lair_carwin_9
Lair:6:   hangedman_lair_tendril_chambers, layout_gridlike,
          kennysheep_basilisk_garden

Skill      XL: |  1  2  3  4  5  6  7  8  9 10 11 12 13 14 |
---------------+-------------------------------------------+-----
Spellcasting   | 5 6 8 10 11 13 15 17 18 20 | 20.1
Armour         | 1 3 4 5 |  5.1
Fire Magic     | 4 5 6 7 8 9 11 12 13 | 13.0
Fighting       | 1 2 3 4 6 7 |  7.2
Conjurations   | 2 3 5 6 8 9 10 11 12 | 12.7
Dodging        | 3 |  3.0
Air Magic      | 1 |  1.0
Poison Magic   | 1 |  1.0
Evocations     | 1 |  1.0
Stealth        | 3 |  3.0
Shields        | 2 4 |  4.0
Ice Magic      | 1 |  1.0
Charms         | 2 |  2.0
Summonings     | |  1.1
Translocations | |  1.1

Action                   |  1- 3 |  4- 6 |  7- 9 | 10-12 | 13-15 || total
-------------------------+-------+-------+-------+-------+-------++-------
Melee: Unarmed           |     8 |       |       |       |       ||     8
       Quarterstaff      |     2 |    14 |       |       |       ||    16
       Dagger            |       |       |    39 |   105 |    45 ||   189
 Cast: Magic Dart        |    95 |   141 |    68 |    27 |       ||   331
       Mephitic Cloud    |     1 |     1 |    16 |    35 |    11 ||    64
       Conjure Flame     |     1 |     1 |    13 |    42 |    16 ||    73
       Shock             |       |       |   234 |   249 |    10 ||   493
       Fireball          |       |       |       |   177 |   303 ||   480
       Call Imp          |       |       |       |     9 |     9 ||    18
       Blink             |       |       |       |     8 |     4 ||    12
Evoke: Wand              |       |       |       |     2 |       ||     2
  Use: Scroll            |       |       |     5 |    11 |     8 ||    24
 Stab: Confused          |       |       |     6 |     6 |     1 ||    13
  Eat: Chunk             |     4 |     6 |    14 |    28 |    22 ||    74
       Ration            |       |       |       |     2 |     2 ||     4
Armor: Robe              |    10 |       |       |       |       ||    10
       Leather armour    |       |    13 |    28 |       |       ||    41
       Troll leather arm |       |       |       |    40 |    30 ||    70
Dodge: Dodged            |    18 |    30 |    79 |   195 |    78 ||   400
Block: Buckler           |       |       |       |     3 |    27 ||    30
